Match 41220773
Unlisted
Match 41220773
End
Kradschützen Motorcycle Team
Panzerpioneer Squad
250 Light Carrier
Construct Light Support Kompanie
MG34 Team
MG34 Team
Fire Support Elements
Selects Italian Infantry
le.IG 18 Mechanized Group
Selects Guastatori Squad
Guastatori Squad
Pak 38 Anti-tank Gun Team
Construct Panzerarmee Kommand
Armored Reserves
Flak 36 Anti-tank Gun Team
Panzer IV Assault Group
Selects Registered Artillery
Selects Towed Cannone da 105/28 Field Howitzer
Towed Cannone da 105/28 Field Howitzer
Tiger Heavy Tank
Selects Sound the Alarm
Vehicle Survival Package
Selects Prepared Positions
Flak 36 Anti-tank Gun Team
Selects Obice 305mm Barrage
StuG Assault Group
Obice 305mm Barrage
Emergency Repair Kits
Guastatori Squad
Walking Stuka Rocket Launcher
2.5-tonne Medical Truck
Tiger Heavy Tank
Tungsten Core Ammunition
Obice 305mm Barrage
Spaghetti
LiKo
FrDiZz
TFEi
Arannard
< blank >
0
0
Comments sign in to comment!
No comments posted yet!